 Dungeon Crawl Stone Soup version 0.17.0-28-g6e173f8 (console) character file.

444 Kloppie the Firebug (level 7, -2/41 HPs)
             Began as an Octopode Fire Elementalist on Dec 2, 2015.
             Was an Initiate of Vehumet.
             Killed from afar by an orc wizard (5 damage)
             ... with a magic dart
             ... on level 3 of the Dungeon.
             The game lasted 00:08:19 (4166 turns).

Kloppie the Firebug (Octopode Fire Elementalist)    Turns: 4166, Time: 00:08:19

Health: -2/41      AC:  1    Str:  7    XL:     7   Next: 3%
Magic:  10/10      EV: 12    Int: 23    God:    Vehumet [......]
Gold:   72         SH:  0    Dex: 12    Spells: 3 memorised, 3 levels left

rFire  . . .     SeeInvis .     y - +0 short sword (drain)
rCold  . . .     Clarity  .     (no shield)
rNeg   . . .     SustAt   .     (helmet restricted)
rPois  .         Gourm    .     f - amulet of rage
rElec  .         Spirit   .     x - +3 ring of intelligence
rCorr  .         Warding  .     (no ring)
rMut   .         Stasis   .     (no ring)
MR     .....                    (no ring)
Stlth  +++.......               (no ring)
                                (no ring)
                                (no ring)
                                (no ring)

@: not resistant to hostile enchantments, fairly stealthy
A: almost no armour, amphibious, 8 rings, constrict 8, camouflage 1, gelatinous
body 1
a: Renounce Religion, Evoke Berserk Rage


You were on level 3 of the Dungeon.
You worshipped Vehumet.
Vehumet was noncommittal.
You were hungry.

You visited 2 branches of the dungeon, and saw 5 of its levels.

You collected 72 gold pieces.

Inventory:

Hand Weapons
 m - a +0 short sword
 u - a +0 long sword
 y - a +0 short sword of draining (weapon)
Jewellery
 f - an amulet of rage (around mantle)
 x - a +3 ring of intelligence (left tentacle)
Wands
 w - a wand of frost (21)
Scrolls
 c - a scroll of enchant armour
 e - a scroll of enchant weapon {unknown}
 g - a scroll of immolation {unknown}
 o - a scroll of noise {unknown}
 q - 2 scrolls of remove curse {unknown}
 r - a scroll of blinking {unknown}
 s - a scroll of identify {unknown}
Potions
 d - a potion of cure mutation {unknown}
 h - 2 potions of brilliance {unknown}
 i - 2 potions of curing {unknown}
 j - a potion of haste {unknown}
 l - a potion of heal wounds {unknown}
 n - 2 potions of beneficial mutation {unknown}
 t - 2 potions of poison {unknown}
 z - a potion of flight {unknown}
Books
 a - a book of Flames

   Spells                             Type                      Level
   a - Flame Tongue                   Conjuration/Fire             1
   b - Throw Flame                    Conjuration/Fire             2
   c - Conjure Flame                  Conjuration/Fire             3
   d - Inner Flame                    Hexes/Fire                   3
   e - Sticky Flame                   Conjuration/Fire             4
   f - Fireball                       Conjuration/Fire             5
Comestibles
 b - a bread ration
 k - 2 beef jerkies
 v - a meat ration


   Skills:
 - Level 2.0 Dodging
 - Level 2.6 Stealth
 - Level 2.5 Spellcasting
 + Level 4.5 Conjurations
 + Level 5.8 Fire Magic


You had 3 spell levels left.
You knew the following spells:

 Your Spells              Type           Power        Failure   Level  Hunger
a - Flame Tongue          Conj/Fire      ####.        1%          1    None
b - Conjure Flame         Conj/Fire      ####....     6%          3    ###....
c - Sticky Flame          Conj/Fire      ####....     17%         4    ####...


Dungeon Overview and Level Annotations

Branches:
Dungeon (4/15)             Temple (1/1) D:4

Altars:
Ashenzari
Cheibriados
Kikubaaqudgha
Nemelex Xobeh
Qazlal
Sif Muna
Trog
Vehumet
Xom
Yredelemnul
Zin
The Shining One

Annotations:
D:3 Sigmund


Innate Abilities, Weirdness & Mutations

You cannot wear most types of armour.
You are amphibious.
You can wear up to eight rings at the same time.
You can use your tentacles to constrict eight enemies at once.
Your skin changes colour to match your surroundings (Stealth).
Your rubbery body absorbs attacks (AC +1).


Message History

You're too confused to move!
You feel less confused.
You hear some strange, mumbled words.
A puff of flame appears from out of thin air!
The puff of flame hits you!
* * * LOW HITPOINT WARNING * * *
Drink which item? (? for menu, Esc to quit)
Okay, then.
There is a stone staircase leading up here.
You hear some strange, mumbled words.
A puff of flame appears from out of thin air!
Helpless, you fail to dodge the puff of flame.
* * * LOW HITPOINT WARNING * * *
You climb upwards.
Level annotation: Sigmund A giant gecko comes into view.
There is a stone staircase leading down here.
A magic dart appears from out of thin air!
The magic dart hits you!
You die...

###.#.. #...(.# #.....#
#..l..# #.....# #.....#
#. #.....### ### #### #.
#..>@...# ##.####.P.
#.###.....#.# ##.#..#.#..
#.........#.###.P#.#..#.P
#.....#####.##.#..P#P....
#.....# #.##P#.......P≈
#.....# #.#...P≈≈≈.P≈≈≈
#.....# #.#..P≈≈≈≈≈≈≈≈≈
#.>...# #)#.≈≈≈≈.≈≈≈.≈≈
#######.....#
#.#.#≈≈≈#≈≈≈#≈≈


You could see a giant gecko (wandering).

Vanquished Creatures
  2 phantoms (D:4)
  An ogre (D:3)
  A hound (D:4)
  Crazy Yiuf (D:3)
  5 adders
  2 worms (D:3)
  5 giant geckos
  An orc (D:3)
  5 bats
  3 giant cockroaches
  5 goblins
  8 hobgoblins
  A ball python (D:1)
  4 giant newts
  12 kobolds
  5 rats
61 creatures vanquished.

Notes
Turn   | Place    | Note
--------------------------------------------------------------
     0 | D:1      | Kloppie the Octopode Fire Elementalist began the quest for the Orb.
     0 | D:1      | Reached XP level 1. HP: 11/11 MP: 3/3
   257 | D:1      | Reached XP level 2. HP: 17/17 MP: 3/5
  1033 | D:1      | Reached XP level 3. HP: 21/21 MP: 0/6
  1160 | D:1      | Learned a level 3 spell: Conjure Flame
  1896 | D:2      | Reached XP level 4. HP: 27/27 MP: 2/7
  1997 | D:2      | Learned a level 4 spell: Sticky Flame
  2068 | D:2      | Reached skill level 4 in Fire Magic
  2813 | D:3      | Noticed Crazy Yiuf
  2837 | D:3      | Killed Crazy Yiuf
  2837 | D:3      | Reached XP level 5. HP: 6/31 MP: 0/8
  3152 | D:3      | Noticed an ogre
  3167 | D:3      | Killed an ogre
  3383 | D:3      | Noticed Sigmund
  3406 | D:4      | Reached skill level 5 in Fire Magic
  3406 | D:4      | Reached XP level 6. HP: 32/36 MP: 9/9
  3432 | D:4      | Found a staircase to the Ecumenical Temple.
  3442 | Temple   | Entered the Ecumenical Temple
  3501 | Temple   | Became a worshipper of Vehumet
  3767 | D:4      | Noticed a phantom
  3782 | D:4      | Killed a phantom
  3782 | D:4      | Reached XP level 7. HP: 18/41 MP: 1/10
  4164 | D:4      | HP: 2/41 [something/puff of flame (9)]
  4166 | D:3      | Killed from afar by an orc wizard

Action                   |  1- 3 |  4- 6 |  7- 9 || total
-------------------------+-------+-------+-------++-------
Melee: Unarmed           |     2 |       |       ||     2
       Club              |     5 |       |       ||     5
       Dagger            |     6 |       |       ||     6
       Long sword        |       |     5 |       ||     5
       Short sword       |       |    10 |       ||    10
 Cast: Flame Tongue      |    57 |    57 |     1 ||   115
       Conjure Flame     |       |     2 |       ||     2
  Use: Scroll            |       |     1 |       ||     1
 Stab: Sleeping          |     1 |     2 |       ||     3
  Eat: Chunk             |     3 |     6 |       ||     9
       Pizza             |       |     1 |       ||     1
